PAA
LANNISTER UNITED LIONHEARTS @ CHESAPEAKE CONTINENTALS
08/30/2029
 
TOP OF THE 1ST
Lannister United Lionhearts batting - Pitching for Chesapeake Continentals : LHP Javier Romero
Pitching: LHP Javier Romero
Batting: RHB Andrés Escobar 0-0: Ball
1-0: Ground out U3 (Groundball, 3)
Batting: RHB Ron Morton 0-0: Called Strike
0-1: Ball
1-1: Foul Ball, location: 2F
1-2: Ball
2-2: Strikes out swinging
Batting: RHB Carlos Pacheco 0-0: Ground out 4-3 (Groundball, 4M)
Top of the 1st over - 0 runs, 0 hits, 0 errors, 0 left on base; Lannister United 0 - Chesapeake 0
BOTTOM OF THE 1ST
Chesapeake Continentals batting - Pitching for Lannister United Lionhearts : LHP Earl Farley
Pitching: LHP Earl Farley
Batting: RHB Dani Durán 0-0: Called Strike
0-1: Ball
1-1: TRIPLE (Flyball, 7D)
Batting: RHB Jesús Recesvinto 0-0: Ball
1-0: SINGLE (Line Drive, 5)
Dani Durán scores
Batting: RHB Rand McNally 0-0: Called Strike
0-1: Ball
1-1: Ball
2-1: Ball
3-1: Fielders Choice at 2nd, 4-6 (Groundball, 4)
Batting: RHB Syed Sarkar 0-0: Ball
1-0: Ground out 5-3 (Groundball, 56S)
Rand McNally to second
Batting: SHB Holden Nolan 0-0: Ball
1-0: Ball
2-0: Ball
3-0: Base on Balls
Batting: RHB Alejandro Pérez 0-0: Fly out, F5 (Line Drive, 5)
Bottom of the 1st over - 1 run, 2 hits, 0 errors, 2 left on base; Lannister United 0 - Chesapeake 1
TOP OF THE 2ND
Lannister United Lionhearts batting - Pitching for Chesapeake Continentals : LHP Javier Romero
Batting: RHB Neil Sanderson 0-0: Called Strike
0-1: Called Strike
0-2: Ball
1-2: Ground out 4-3 (Groundball, 4)
Batting: RHB José García 0-0: Ball
1-0: Foul Ball, location: 2F
1-1: Swinging Strike
1-2: Ground out U3 (Groundball, 34)
Batting: RHB Breanainn Swartwood 0-0: Called Strike
0-1: Called Strike
0-2: Foul Ball, location: 2F
0-2: Strikes out swinging
Top of the 2nd over - 0 runs, 0 hits, 0 errors, 0 left on base; Lannister United 0 - Chesapeake 1
BOTTOM OF THE 2ND
Chesapeake Continentals batting - Pitching for Lannister United Lionhearts : LHP Earl Farley
Batting: RHB Micheal Lovell 0-0: Ground out 1-3 (Groundball, P)
Batting: RHB Alfonso Morín 0-0: Ball
1-0: Ball
2-0: Ball
3-0: Foul Ball, location: 2F
3-1: DOUBLE (Line Drive, 9LM)
Batting: RHB Wes Griffith 0-0: Swinging Strike
0-1: Ball
1-1: Ball
2-1: Fly out, F8 (Flyball, 8LD)
Batting: RHB Dani Durán 0-0: Called Strike
0-1: Foul Ball, location: 2F
0-2: Ball
1-2: Foul Ball, location: 2F
1-2: Ball
2-2: Ball
3-2: SINGLE (Groundball, 6MD)
Alfonso Morín to third
Alfonso Morín scores
Batting: RHB Jesús Recesvinto 0-0: Called Strike
0-1: Ball
1-1: Ball
2-1: Ball
3-1: Swinging Strike
3-2: DOUBLE (Flyball, 78XD)
Dani Durán to third
Dani Durán scores
Batting: RHB Rand McNally 0-0: Swinging Strike
0-1: Called Strike
0-2: Ball
1-2: Strikes out swinging
Bottom of the 2nd over - 2 runs, 3 hits, 0 errors, 1 left on base; Lannister United 0 - Chesapeake 3
TOP OF THE 3RD
Lannister United Lionhearts batting - Pitching for Chesapeake Continentals : LHP Javier Romero
Batting: RHB Arturo Sánchez 0-0: Foul Ball, location: 2F
0-1: Hit by Pitch
Batting: RHB Jason Compton 0-0: Ball
1-0: Called Strike
1-1: Foul Ball, location: 2F
1-2: Strikes out swinging
Batting: RHB Lee Storment 0-0: Called Strike
0-1: Ball
1-1: Ball
2-1: Ball
3-1: DOUBLE (Line Drive, 7LS)
Arturo Sánchez to third
Runner from 3rd tries for Home, SAFE, no throw
Batting: RHB Andrés Escobar 0-0: Ball
1-0: Called Strike
1-1: Ball
2-1: Called Strike
2-2: Strikes out swinging, 2-3 out at first.
Batting: RHB Ron Morton 0-0: Ball
1-0: Foul Ball, location: 2F
1-1: Called Strike
1-2: Strikes out swinging
Top of the 3rd over - 1 run, 1 hit, 0 errors, 1 left on base; Lannister United 1 - Chesapeake 3
BOTTOM OF THE 3RD
Chesapeake Continentals batting - Pitching for Lannister United Lionhearts : LHP Earl Farley
Batting: RHB Syed Sarkar 0-0: Fly out, F8 (Line Drive, 8LD)
Batting: SHB Holden Nolan 0-0: Ball
1-0: Called Strike
1-1: Foul Ball, location: 2F
1-2: Ball
2-2: Ball
3-2: Foul Ball, location: 2F
3-2: Ground out 5-3 (Groundball, 56)
Batting: RHB Alejandro Pérez 0-0: Called Strike
0-1: Foul Ball, location: 2F
0-2: Ball
1-2: DOUBLE (Line Drive, 9LM)
Batting: RHB Micheal Lovell 0-0: Foul Ball, location: 2F
0-1: Foul Ball, location: 2F
0-2: Ball
1-2: Strikes out swinging
Bottom of the 3rd over - 0 runs, 1 hit, 0 errors, 1 left on base; Lannister United 1 - Chesapeake 3
TOP OF THE 4TH
Lannister United Lionhearts batting - Pitching for Chesapeake Continentals : LHP Javier Romero
Batting: RHB Carlos Pacheco 0-0: Ball
1-0: Ball
2-0: Fly out, F4 (Line Drive, 4)
Batting: RHB Neil Sanderson 0-0: SOLO HOME RUN (Flyball, 89XD), Distance : 399 ft
Batting: RHB José García 0-0: Fly out, F4 (Popup, 3D)
Batting: RHB Breanainn Swartwood 0-0: Foul Ball, location: 2F
0-1: Ball
1-1: Foul Ball, location: 2F
1-2: Ground out 4-3 (Groundball, 4)
Top of the 4th over - 1 run, 1 hit, 0 errors, 0 left on base; Lannister United 2 - Chesapeake 3
BOTTOM OF THE 4TH
Chesapeake Continentals batting - Pitching for Lannister United Lionhearts : LHP Earl Farley
Batting: RHB Alfonso Morín 0-0: Called Strike
0-1: SINGLE (Line Drive, 7S)
Batting: RHB Wes Griffith 0-0: Called Strike
0-1: Ball
1-1: Ground out 5-3 (Groundball, 56S)
Alfonso Morín to second
Batting: RHB Dani Durán 0-0: Foul Ball, location: 2F
0-1: Ground out 6-3 (Groundball, 6)
Batting: RHB Jesús Recesvinto 0-0: Foul Ball, location: 2F
0-1: Ball
1-1: Foul Ball, location: 2F
1-2: Strikes out swinging
Bottom of the 4th over - 0 runs, 1 hit, 0 errors, 1 left on base; Lannister United 2 - Chesapeake 3
TOP OF THE 5TH
Lannister United Lionhearts batting - Pitching for Chesapeake Continentals : LHP Javier Romero
Batting: RHB Arturo Sánchez 0-0: Ground out 3-1 (Groundball, 34)
Batting: RHB Jason Compton 0-0: Called Strike
0-1: Ball
1-1: Fly out, F8 (Flyball, 78M)
Batting: RHB Lee Storment 0-0: Called Strike
0-1: Ball
1-1: Ball
2-1: Ground out 6-3 (Groundball, 6)
Top of the 5th over - 0 runs, 0 hits, 0 errors, 0 left on base; Lannister United 2 - Chesapeake 3
BOTTOM OF THE 5TH
Chesapeake Continentals batting - Pitching for Lannister United Lionhearts : LHP Earl Farley
Batting: RHB Rand McNally 0-0: Swinging Strike
0-1: Ball
1-1: Ball
2-1: Ball
3-1: Swinging Strike
3-2: Base on Balls
Batting: RHB Syed Sarkar 0-0: Fly out, F6 (Popup, 6MD)
Batting: SHB Holden Nolan 0-0: Foul Ball, location: 2F
0-1: Foul Ball, location: 2F
0-2: Ball
1-2: Fly out, F8 (Flyball, 8RM)
Batting: RHB Alejandro Pérez 0-0: Ball
1-0: Swinging Strike
1-1: Ball
2-1: Ball
3-1: Base on Balls
Rand McNally to second
Batting: RHB Micheal Lovell 0-0: Ball
1-0: Swinging Strike
1-1: Swinging Strike
1-2: Ball
2-2: Strikes out swinging
Bottom of the 5th over - 0 runs, 0 hits, 0 errors, 2 left on base; Lannister United 2 - Chesapeake 3
TOP OF THE 6TH
Lannister United Lionhearts batting - Pitching for Chesapeake Continentals : LHP Javier Romero
Batting: RHB Andrés Escobar 0-0: Foul Ball, location: 2F
0-1: Ground out 6-3 (Groundball, 6)
Batting: RHB Ron Morton 0-0: Ball
1-0: Ball
2-0: Ball
3-0: Called Strike
3-1: Base on Balls
Batting: RHB Carlos Pacheco 0-0: Ball
1-0: Grounds into double play, 6-4-3 (Groundball, 6)
Top of the 6th over - 0 runs, 0 hits, 0 errors, 0 left on base; Lannister United 2 - Chesapeake 3
BOTTOM OF THE 6TH
Chesapeake Continentals batting - Pitching for Lannister United Lionhearts : LHP Earl Farley
Batting: RHB Alfonso Morín 0-0: Ball
1-0: SINGLE (Line Drive, 56D)
Batting: RHB Wes Griffith 0-0: Ground out 5-3 (Groundball, 56S)
Alfonso Morín to second
Batting: RHB Dani Durán 0-0: Ground out 3-1 (Groundball, 34S)
Alfonso Morín to third
Batting: RHB Jesús Recesvinto 0-0: Called Strike
0-1: Swinging Strike
0-2: Ball
1-2: Ball
2-2: Strikes out swinging
Bottom of the 6th over - 0 runs, 1 hit, 0 errors, 1 left on base; Lannister United 2 - Chesapeake 3
TOP OF THE 7TH
Lannister United Lionhearts batting - Pitching for Chesapeake Continentals : LHP Javier Romero
Batting: RHB Neil Sanderson 0-0: Ball
1-0: Fly out, F2 (Popup, 2RF)
Batting: RHB José García 0-0: Foul Ball, location: 2F
0-1: Ball
1-1: Ground out 6-3 (Groundball, 6)
Batting: RHB Breanainn Swartwood 0-0: Ball
1-0: Ball
2-0: Called Strike
2-1: Foul Ball, location: 2F
2-2: Hit by Pitch
Batting: RHB Arturo Sánchez 0-0: Ball
1-0: Ball
2-0: SINGLE (Groundball, 3D)
Breanainn Swartwood to second
Runner from 2nd tries for 3rd, SAFE, no throw
Batting: RHB Jason Compton 0-0: Ball
1-0: Ball
2-0: Ball
3-0: Base on Balls
Arturo Sánchez to second
Pinch Hitting: LHB Ramón García 0-0: Ball
1-0: Called Strike
1-1: Foul Ball, location: 2F
1-2: Strikes out swinging
Top of the 7th over - 0 runs, 1 hit, 0 errors, 3 left on base; Lannister United 2 - Chesapeake 3
BOTTOM OF THE 7TH
Chesapeake Continentals batting - Pitching for Lannister United Lionhearts : LHP Earl Farley
Now at 2B: Howard Barton
Batting: RHB Rand McNally 0-0: Ball
1-0: Foul Ball, location: 2F
1-1: Foul Ball, location: 2F
1-2: Ball
2-2: Ball
3-2: Strikes out swinging
Batting: RHB Syed Sarkar 0-0: Called Strike
0-1: Swinging Strike
0-2: SINGLE (Groundball, 6MD)
Pitching: LHP Won-min Yi
Pinch Runner at 1st Alberto Esquivel:
Pinch Hitting: RHB Arturo Scantlebury 0-0: Ball
1-0: Called Strike
1-1: Ball
2-1: Ball
3-1: Base on Balls
Alberto Esquivel to second
Batting: RHB Alejandro Pérez 0-0: Foul Ball, location: 2F
0-1: Foul Ball, location: 2F
0-2: SINGLE (Line Drive, 8RS)
Alberto Esquivel to third
Arturo Scantlebury to second
Runner from 3rd tries for Home, SAFE, no throw
Pinch Hitting: RHB Seth Rollins 0-0: Fly out, F6 (Line Drive, 6)
Batting: RHB Alfonso Morín 0-0: Ball
1-0: Foul Ball, location: 2F
1-1: Foul Ball, location: 2F
1-2: Ball
2-2: Strikes out swinging
Bottom of the 7th over - 1 run, 2 hits, 0 errors, 2 left on base; Lannister United 2 - Chesapeake 4
TOP OF THE 8TH
Lannister United Lionhearts batting - Pitching for Chesapeake Continentals : LHP Javier Romero
Now at 1B: Jorge Alfiche
Now at 3B: Alberto Esquivel
Now at SS: Marcos Alfaro
Batting: RHB Andrés Escobar 0-0: Called Strike
0-1: Ball
1-1: Ball
2-1: Ball
3-1: Ground out 6-3 (Groundball, 6)
Batting: RHB Ron Morton 0-0: Ball
1-0: Swinging Strike
1-1: Called Strike
1-2: Strikes out swinging
Batting: RHB Carlos Pacheco 0-0: Ball
1-0: Ball
2-0: Reached on error, E4 (Groundball, 4)
Batting: RHB Neil Sanderson 0-0: Ball
1-0: Ball
2-0: Called Strike
2-1: Swinging Strike
2-2: Strikes out looking
Top of the 8th over - 0 runs, 0 hits, 1 error, 1 left on base; Lannister United 2 - Chesapeake 4
BOTTOM OF THE 8TH
Chesapeake Continentals batting - Pitching for Lannister United Lionhearts : LHP Won-min Yi
Batting: RHB Wes Griffith 0-0: Called Strike
0-1: Ball
1-1: Foul Ball, location: 2F
1-2: Foul Ball, location: 2F
1-2: Foul Ball, location: 2F
1-2: Foul Ball, location: 2F
1-2: Foul Ball, location: 2F
1-2: Ball
2-2: SINGLE (Groundball, 6MD)
Batting: RHB Dani Durán 0-0: Ball
1-0: Bunted foul
1-1: Ball
2-1: Ball
3-1: Sac Bunt - play at first, batter OUT! 5-4
Wes Griffith to second
Batting: RHB Jesús Recesvinto 0-0: Ball
1-0: Ball
2-0: Called Strike
2-1: Called Strike
2-2: Strikes out swinging
Batting: RHB Rand McNally 0-0: Called Strike
0-1: Called Strike
0-2: Ball
1-2: Ball
2-2: Foul Ball, location: 2F
2-2: Ball
3-2: Foul Ball, location: 2F
3-2: Base on Balls
Batting: RHB Alberto Esquivel 0-0: Ball
1-0: Ball
2-0: Called Strike
2-1: Fielders Choice at 2nd, 6-4 (Groundball, 6)
Bottom of the 8th over - 0 runs, 1 hit, 0 errors, 2 left on base; Lannister United 2 - Chesapeake 4
TOP OF THE 9TH
Lannister United Lionhearts batting - Pitching for Chesapeake Continentals : LHP Javier Romero
Pitching: RHP Mat Tengku
Batting: RHB José García 0-0: Foul Ball, location: 2F
0-1: Called Strike
0-2: Fly out, F7 (Flyball, 7LS)
Batting: RHB Breanainn Swartwood 0-0: Called Strike
0-1: Fly out, F9 (Line Drive, 9)
Batting: RHB Arturo Sánchez 0-0: Ground out 4-3 (Groundball, 34)
Top of the 9th over - 0 runs, 0 hits, 0 errors, 0 left on base; Lannister United 2 - Chesapeake 4
Tuesday, December 19th, 2017 - OOTP Baseball 18.8 Build 76